Map: 2000 Atmospheres LE

Players

Clem - Winner!

  • Race: Terran Terran

SKillous

  • Race: Protoss Protoss

Event: DreamHack SC2 Masters 2021 Fall

VOD

Have the link to the VOD?

Description

Time

  • Played on: Aug. 5, 2021, 10:51 a.m.
  • Length: 5:50

All games in this series

Show
View Real Time Build Order
Export as new Build Order

Clem Terran - Winner!

Build Orders:  

Get SALT Encoding   

  12  0:00  SCV  
  13  0:12  SCV  
  14  0:17  Supply Depot  
  14  0:24  SCV  
  15  0:38  SCV  
  15  0:40  Barracks  
  16  0:44  Refinery  
  16  0:50  SCV  
  17  1:03  SCV  
  18  1:15  SCV  
  19  1:28  Barracks Reactor, Orbital Command  
  19  1:47  Command Center  
  19  1:55  SCV  
  19  1:59  Supply Depot  
  20  2:05  Marine  
  20  2:06  Factory  
  21  2:09  Marine  
  21  2:11  SCV  
  23  2:23  Marine, SCV  
  23  2:27  Marine  
  26  2:35  SCV  
  27  2:40  Marine  
  28  2:44  Marine  
  28  2:48  SCV  
  28  2:51  Starport  
  30  2:59  Hellion  
  30  3:00  SCV, Orbital Command  
  30  3:04  Marine  
  30  3:05  Marine  
  35  3:13  SCV  
  35  3:14  Supply Depot  
  36  3:21  Hellion  
  36  3:25  SCV  
  36  3:27  SCV  
  40  3:28  Medivac  
  40  3:33  Marine x2  
  43  3:37  SCV  
  43  3:39  SCV  
  43  3:43  Hellion  
  43  3:45  Supply Depot, Barracks  
  44  3:51  Marine x2, SCV  
  47  3:55  Engineering Bay  
  47  3:56  SCV  
  47  4:04  SCV, Factory Tech Lab  
  47  4:08  Marine x2  
  50  4:10  SCV  
  50  4:12  Supply Depot  
  50  4:15  Bunker  
  51  4:17  SCV  
  51  4:22  SCV  
  53  4:24  Missile Turret  
  53  4:26  Marine, Siege Tank  
  53  4:29  Marine  
  53  4:30  SCV  
  59  4:34  SCV  
  59  4:37  Barracks Tech Lab  
  60  4:44  Marine  
  60  4:45  SCV  
  57  4:46  SCV  
  57  4:47  Marine  
  54  4:56  Marine  
  54  4:57  SCV  
  54  4:58  SCV  
  57  5:02  Marine  
  57  5:05  Marine  
  58  5:09  SCV  
  58  5:10  SCV  
  58  5:11  Supply Depot  
  58  5:14  Marine  
  58  5:18  Hellion  
  58  5:20  Marine  
  61  5:21  SCV  
  61  5:22  Marine, Refinery  
  61  5:23  SCV  
  64  5:31  Marine  
  64  5:33  SCV  
  64  5:35  SCV  
  65  5:46  Refinery  
  67  5:48  Barracks  
Show
View Real Time Build Order
Export as new Build Order

SKillous Protoss 

Build Orders: 1 Gate Expand 

Get SALT Encoding   

  12  0:00  Probe  
  13  0:12  Probe  
  14  0:17  Pylon  
  14  0:24  Probe (Chrono Boost)  
  15  0:36  Gateway  
  15  0:38  Probe (Chrono Boost)  
  16  0:44  Probe (Chrono Boost)  
  16  0:45  Assimilator  
  17  0:52  Probe  
  18  1:04  Probe  
  19  1:16  Probe  
  20  1:22  Cybernetics Core  
  20  1:31  Nexus  
  20  1:39  Pylon  
  20  1:41  Probe  
  21  1:48  Assimilator  
  21  1:53  Probe  
  22  1:56  Adept (Chrono Boost)  
  22  1:59  Warp Gate  
  24  2:05  Probe  
  25  2:16  Stalker (Chrono Boost)  
  25  2:18  Probe  
  28  2:26  Pylon  
  28  2:30  Probe  
  28  2:33  Twilight Council  
  29  2:42  Probe  
  30  2:45  Probe  
  30  2:49  Robotics Facility  
  31  2:55  Probe  
  31  2:58  Probe  
  31  3:06  Gateway  
  31  3:07  Probe  
  31  3:09  Charge (Chrono Boost)  
  31  3:11  Shield Battery  
  32  3:17  Probe  
  33  3:26  Gateway  
  33  3:30  Probe  
  33  3:33  Probe  
  33  3:42  Probe  
  33  3:43  Warp Prism (Chrono Boost)  
  33  3:45  Probe  
  37  3:52  Zealot  
  39  3:57  Probe  
  39  4:02  Zealot, Probe  
  43  4:12  Zealot  
  45  4:17  Nexus, Observer  
  45  4:19  Pylon  
  45  4:21  Probe  
  45  4:23  Probe  
  48  4:33  Zealot x3  
  46  4:43  Probe  
  38  4:56  Zealot x3  
  43  5:03  Probe (Chrono Boost)  
  35  5:17  Probe (Chrono Boost)  
  35  5:19  Probe (Chrono Boost)  
  36  5:30  Probe x2 (Chrono Boost)  
  31  5:37  Probe  

Tags
 
Add a new tag
Caveats
  • Supply blocks, unpowered buildings, or Contaminate may cause inaccurate times.
  • Supply counts are checked every 10 seconds.